 Dungeon Crawl Stone Soup version 0.31.0-11-ge490571c62 (webtiles) character file.

Game seed: 11044417482632301455

504 Zeor the Changeling (level 7, 0/46 HPs)
             Began as a Merfolk Shapeshifter on Feb 5, 2024.
             Slain by a bombardier beetle (3 damage)
             ... on level 4 of the Dungeon.
             The game lasted 00:09:34 (2758 turns).

Zeor the Changeling (Merfolk Shapeshifter)          Turns: 2758, Time: 00:09:35

Health: 0/46       AC:  0    Str: 14    XL:     7   Next: 17%
Magic:  7/7        EV: 17    Int: 10    God:
Gold:   794        SH:  0    Dex: 15    Spells: 5/6 levels left

rFire   . .          .
                       - Unarmed
rCold   . . .        (shield currently unavailable)
rNeg    . . .        h - melded +0 troll leather armour {Pargi}
rPois   .            (no helmet)
rElec   .            (no cloak)
rCorr   .            (no gloves)
SInv    .            (no boots)
Will    .....        j - amulet of regeneration
Stlth   +            e - ring of flight
HPRegen 1.07/turn    i - ring of wizardry
MPRegen 0.10/turn

%: wizardry (x1)
@: on fire, flux-form, flying, glowing
A: glow, contaminating, reduced hp, (nimble swimmer 2), mertail
a: Begin Untransformation


You were on level 4 of the Dungeon.
You were something dangerously unstable.
You visited 1 branch of the dungeon, and saw 4 of its levels.

You collected 794 gold pieces.

Inventory:

Missiles
 o - a throwing net (quivered)
Armour
 h - a +0 troll leather armour (melded) {Pargi}
Jewellery
 e - a ring of flight (left hand)
 i - a ring of wizardry (right hand)
 j - an amulet of regeneration (around neck)
Talismans
 c - a beast talisman
 d - a flux talisman (active)
 f - a talisman of death
 q - a serpent talisman
Scrolls
 m - 2 scrolls of blinking
Potions
 a - a potion of curing
 b - 4 potions of lignification
 g - a potion of invisibility {unknown}
 k - a potion of berserk rage {unknown}
 l - 2 potions of brilliance
 n - a potion of ambrosia {unknown}
 p - a potion of enlightenment {unknown}


   Skills:
 * Level 3.3 Fighting
 + Level 1.7 Armour
 + Level 4.0 Dodging
 + Level 1.0 Stealth
 + Level 5.5 Unarmed Combat
 * Level 5.9 Shapeshifting


You had 5 spell levels left.
You knew the following spells:

 Your Spells              Type           Power      Damage    Failure   Level
a - Sting                 Conj/Alch      0%         1d3       16%         1

Your spell library contained the following spells:

 Spells                   Type           Power      Damage    Failure   Level
 Shock                    Conj/Air       0%         1d3       16%         1
 Swiftness                Air            0%         N/A       41%         3
 Airstrike                Air            0%         2d(0-16)  80%         4


Dungeon Overview and Level Annotations

Branches:
Dungeon (4/15)
 Temple: D:4-7

Altars:
Elyvilon
Sif Muna
Trog
Xom

Annotations:
D:2 1 runed translucent door, Crazy Yiuf
D:4 3 runed translucent doors, Biggs's ghost, amateur HOFi


Innate Abilities, Weirdness & Mutations

You are something dangerously unstable.
You glow with magical radiation, making you easy to see and hit.
Foes you strike become dangerously contaminated with magical radiation.
Your maximum health is decreased, since you lack skill for your form.
You are incapable of wielding weapons or throwing items.
((You are very nimble when in or above water. (Stealth+, EV+, Speed+++)))
Your lower body shifts to a powerful aquatic tail in water.


Message History

The scorpion misses you.
You hit the scorpion.
The scorpion begins to glow.
The scorpion is lightly wounded.
The adder barely misses you. The scorpion stings you!
You hit the adder.
The adder begins to glow.
The adder is lightly wounded.
The adder misses you. The scorpion closely misses you.
The bombardier beetle barely misses you.
You hit the scorpion.
The scorpion glows dangerously bright.
The scorpion is moderately wounded.
The adder bites you. The scorpion misses you. The adder closely misses you.
You hit the adder.
The adder glows dangerously bright.
The adder is lightly wounded.
The scorpion stings you! The bombardier beetle bites you. The adder bites you.
You hit the scorpion.
The scorpion shudders as magic cascades through it.
The scorpion twists and deforms.
The scorpion is heavily wounded.
The scorpion closely misses you. The adder bites you.
You hit the scorpion.
The scorpion begins to glow.
The scorpion is heavily wounded.
The scorpion stings you. The adder barely misses you.
The bombardier beetle sprays incendiary fluid at you.
The burning spray hits you.
You are covered in liquid fire!
You hit the scorpion.
The scorpion glows dangerously bright.
The scorpion is heavily wounded.
The liquid fire burns you!
* * * LOW HITPOINT WARNING * * *
The scorpion barely misses you. The adder bites you.
* * * LOW HITPOINT WARNING * * *
You shake off some of the fire as you move.
The liquid fire burns you!
* * * LOW HITPOINT WARNING * * *
The scorpion attacks as it pursues you! The scorpion completely misses you.
The adder attacks as it pursues you! The adder bites you.
* * * LOW HITPOINT WARNING * * *
The bombardier beetle attacks as it pursues you!
The bombardier beetle bites you.
You die... ∙▒▒ ▒∙ ▒▒▒▒▒∙▒∙∙∙∙∙▒▒▒■ ∙∙∙▒▒▒▒∙▒▒▒▒∙∙∙∙∙∙∙∙▒∙∙∙∙∙∙ ∙∙∙∙∙∙∙∙∙∙ ∙∙▒∙∙∙∙∙∙∙∙∙∙∙∙∙ ▒▒∙∙∙∙ ∙∙▒▒▒▒∙∙∙∙∙∙∙∙∙∙∙∙∙▒ ▒▒∙∙∙∙∙▒▒∙∙∙∙∙∙∙^∙∙∙∙∙∙∙∙∙∙∙ ▒∙∙∙∙∙∙∙∙∙∙∙∙∙∙∙∙∙∙∙∙∙∙∙∙∙∙∙ ∙∙∙∙∙∙∙∙∙∙∙∙∙∙∙∙∙<∙∙∙∙∙∙∙∙∙∙ ∙∙∙∙∙∙∙∙∙∙B∙∙∙∙∙∙∙∙∙∙∙∙∙∙∙∙∙ ∙∙∙∙∙∙∙∙∙∙sp∙∙∙∙∙∙∙∙∙∙∙∙∙∙∙∙

∙∙∙∙∙∙∙∙∙∙S∙∙∙∙∙∙∙∙†∙∙∙∙∙∙∙∙
∙∙∙∙∙∙∙∙∙∙∙∙∙∙∙∙∙∙∙∙∙∙∙∙∙∙∙▒
∙∙∙∙∙∙∙∙∙∙∙∙∙∙∙∙∙∙∙∙▒∙∙∙∙∙▒▒
▒∙∙∙∙∙∙∙∙∙∙∙∙∙∙∙∙∙∙▒▒∙▒▒∙▒▒▒
▒∙∙∙∙∙▒▒▒∙∙∙▒▒▒∙▒▒▒▒†∙▒▒∙▒ ▒
∙∙▒▒▒▒▒~~∙∙∙~~▒∙∙∙∙†∙▒▒▒∙▒ ▒
▒▒ ▒▒r∙∙♣∙∙~▒∙∙∙∙▒▒▒ ▒∙▒ ▒
▒▒∙∙∙∙∙∙∙∙∙▒▒▒∙∙▒▒▒▒∙▒▒▒


You could see a scorpion (heavy contam, misshapen), a bombardier beetle, an
adder (heavy contam) and a neutral quokka (wandering).

Vanquished Creatures
  Pargi (D:3)
  A phantom (D:3)
  A scorpion (D:4)
  A bombardier beetle (D:3)
  A jelly (D:4)
  An orc priest (D:3)
  A hound (D:3)
  A gnoll (D:3)
  2 adders
  A white imp (D:3)
  3 dart slugs
  3 ribbon worms
  4 orcs (D:3)
  6 bats
  7 endoplasms
  6 giant cockroaches
  7 goblins
  6 hobgoblins
  8 jackals
  5 kobolds
  2 quokkas
  8 ball pythons
  6 frilled lizards
  9 rats
91 creatures vanquished.

Notes
Turn   | Place    | Note
-------+----------+-------------------------------------------
     0 | D:1      | Zeor the Merfolk Shapeshifter began the quest for the Orb.
     0 | D:1      | Reached XP level 1. HP: 15/15 MP: 1/1
   102 | D:1      | Reached XP level 2. HP: 21/21 MP: 2/2
   302 | D:1      | Reached XP level 3. HP: 24/26 MP: 3/3
   449 | D:1      | Reached skill level 5 in Shapeshifting
   950 | D:2      | Reached XP level 4. HP: 33/33 MP: 4/4
  1225 | D:2      | Identified a scroll of acquirement
  1225 | D:2      | Acquired 590 gold pieces
  1421 | D:2      | Found a faded altar of an unknown god.
  1494 | D:2      | Found a runed translucent door.
  1495 | D:2      | Noticed Crazy Yiuf
  1707 | D:3      | Found a shimmering altar of Xom.
  1731 | D:3      | Reached XP level 5. HP: 31/38 MP: 5/5
  1777 | D:3      | Found a bloodstained altar of Trog.
  1800 | D:3      | Found a shimmering blue altar of Sif Muna.
  1804 | D:3      | Got Sif Muna's Elucidation of the Impact
  1807 | D:3      | Learned a level 1 spell: Sting
  1943 | D:3      | Reached skill level 1 in Armour
  2240 | D:3      | Noticed Pargi
  2254 | D:3      | Killed Pargi
  2255 | D:3      | Reached skill level 5 in Unarmed Combat
  2255 | D:3      | Reached XP level 6. HP: 42/47 MP: 6/6
  2522 | D:4      | Found a white marble altar of Elyvilon.
  2544 | D:4      | Reached XP level 7. HP: 49/52 MP: 7/7
  2613 | D:4      | Found a runed translucent gate.
  2614 | D:4      | Found a runed translucent gate.
  2615 | D:4      | Found a runed translucent gate.
  2623 | D:4      | Noticed Biggs's ghost (amateur HOFi)
  2693 | D:4      | Reached skill level 1 in Stealth
  2758 | D:4      | Slain by a bombardier beetle

Illustrated notes

Levels and vault maps discovered:
D:1:      dpeg_arrival_simpleton_a, layout_loops_ring, serial_rivers,
          chequers_serial_rivers_micro_c, chequers_serial_rivers_marsh,
          chequers_serial_rivers_micro_e, chequers_serial_rivers_micro_b,
          chequers_serial_rivers_room_b, chequers_serial_rivers_micro_a
D:2:      layout_rooms, chequers_ecumenical_altar_grove, columned_hall_lemuel,
          uniq_crazy_yiuf_cottage
D:3:      layout_loops_ring, nzn_overflow_gifts_of_might_and_magic,
          mainiacjoe_overflow_cross_hatched, serial_bayou_pond_b, minmay_cupped,
          uniq_pargi
D:4:      layout_rooms, elyvilon_altar_4, gammafunk_ghost_split,
          nicolae_shop_i_like_big_books

Skill      XL: |  1  2  3  4  5  6  7 |
---------------+----------------------+-----
Shapeshifting  | 5 |  5.9
Unarmed Combat | 4 5 |  5.5
Fighting       | 2 3 |  3.3
Dodging        | 3 4 |  4.0
Armour         | 1 |  1.7
Stealth        | 1 |  1.0

Action                     |  1- 3 |  4- 6 |  7- 9 || total
---------------------------+-------+-------+-------++-------
  Melee: Unarmed           |   131 |   142 |    32 ||   305
         Punch             |     1 |     4 |       ||     5
    Use: Scroll            |     2 |     8 |     2 ||    12
         Potion            |       |     1 |       ||     1
   Stab: Sleeping          |     1 |     2 |       ||     3
 Armour: Animal skin       |    20 |       |       ||    20
         Leather armour    |    22 |    61 |       ||    83
         Troll leather arm |       |     7 |     7 ||    14
         Skin              |       |       |    10 ||    10
  Dodge: Dodged            |    82 |    96 |    26 ||   204
   Form: Flux              |       |       |     2 ||     2
                           |       |       |     1 ||     1
         Beast             |       |       |     1 ||     1
